 Dungeon Crawl Stone Soup version 0.17.0-24-gcfadda4 (webtiles) character file.

55794 inmateoo the Bewitcher (level 14, -15/56 HPs)
             Began as a Felid Enchanter on Nov 16, 2015.
             Was the Champion of Makhleb.
             Demolished by an orc warrior
             ... wielding a +0 halberd
              (28 damage)
             ... on level 4 of the Orcish Mines.
             The game lasted 01:26:51 (32880 turns).

inmateoo the Bewitcher (Felid Enchanter)           Turns: 32880, Time: 01:26:51

Health: -15/56     AC:  7    Str:  4    XL:     14   Next: 39%
Magic:  17/27      EV: 24    Int: 22    God:    Makhleb [******]
Gold:   1061       SH:  0    Dex: 18    Spells: 8 memorised, 4 levels left
                                        Lives:  0   Deaths: 4

rFire  . . .     SeeInvis +       - Unarmed
rCold  + . .     Clarity  +     (armour unavailable)
rNeg   . . .     SustAt   .     (shield unavailable)
rPois  +         Gourm    .     (helmet unavailable)
rElec  .         Spirit   .     (cloak unavailable)
rCorr  .         Warding  .     (gloves unavailable)
rMut   .         Stasis   .     (boots unavailable)
MR     ++...                    (no amulet)
Stlth  ++++++....               s - ring of poison resistance (curse)
                                y - ring of invisibility

@: lethally poisoned (-15 -> -19), very slightly contaminated, studying Ice
Magic, invisible, quick, very resistant to hostile enchantments, very stealthy
A: no armour, no weapons or thrown items, claws 1, fangs 3, iridescent scales 1,
see invisible, carnivore 3, clarity, speed 1, low mp 1, shaggy fur 3, slow
regeneration 2, slow metabolism 1, sharp paws
a: Minor Destruction, Lesser Servant of Makhleb, Major Destruction, Greater
Servant of Makhleb, Renounce Religion, Turn Visible


You were on level 4 of the Orcish Mines.
You worshipped Makhleb.
Makhleb was exalted by your worship.
You were very full.

You visited 4 branches of the dungeon, and saw 28 of its levels.
You visited the Abyss 1 time.
You also visited: Labyrinth and Ice Cave.

You collected 2787 gold pieces.
You spent 1726 gold pieces at shops.

Inventory:

Jewellery
 l - an uncursed amulet of resist mutation
 n - an uncursed ring of stealth
 s - a cursed ring of poison resistance (right paw)
 y - a ring of invisibility (left paw)
 M - the ring "Vahibod" {-Tele rPois rF+ Int+2 SInv}
   (You found it in a labyrinth)

   [ring of protection from fire]

   It affects your intelligence (+2).
   It protects you from fire.
   It protects you from poison.
   It lets you see invisible.
   It prevents most forms of teleportation.
 Q - a +4 ring of protection
 X - a cursed ring of teleportation
Wands
 t - a wand of paralysis (21)
 C - a wand of lightning (7)
 N - a wand of enslavement (12)
 P - a wand of disintegration (16)
 R - a wand of cold (12)
 U - a wand of fire (2)
Scrolls
 c - 8 scrolls of identify
 d - 6 scrolls of teleportation
 j - 11 scrolls of remove curse
 k - 5 scrolls of amnesia
 w - 5 scrolls of recharging
 A - 3 scrolls of fear
 B - a scroll of fog
 K - a scroll of summoning
 S - 2 scrolls of magic mapping
 Y - a scroll of blinking
Potions
 e - 2 potions of haste
 m - 10 potions of curing
 o - 5 potions of flight
 p - 4 potions of might
 q - a potion of cancellation
 r - 3 potions of agility
 u - a potion of invisibility
 v - 3 potions of brilliance
 x - 2 potions of berserk rage
 G - 2 potions of magic
 H - 3 potions of cure mutation
 I - 3 potions of heal wounds
 J - 3 potions of resistance
 L - 3 potions of lignification
Books
 a - a book of the Earth

   Spells                             Type                      Level
   a - Leda's Liquefaction            Hexes/Earth                  4
   b - Bolt of Magma                  Conjuration/Fire/Earth       5
   c - Statue Form                    Transmutation/Earth          6
   d - Iron Shot                      Conjuration/Earth            6
   e - Shatter                        Earth                        9
 h - a manual of Ice Magic
 i - Seykkif's Handbook of Boosts and Shape Shifting
   (You bought it in a shop on level 2 of the Orcish Mines)

   Spells                             Type                      Level
   a - Swiftness                      Charms/Air                   2
   b - Warp Weapon                    Charms/Translocation         5
   c - Hydra Form                     Transmutation                6
   d - Dragon Form                    Transmutation                7
 z - a manual of Ice Magic
 T - an Akashic Record

   Spells                             Type                      Level
   a - Dispersal                      Translocation                6
   b - Malign Gateway                 Summoning/Translocation      7
   c - Disjunction                    Translocation                8
   d - Controlled Blink               Translocation                8
 W - a book of Dreams

   Spells                             Type                      Level
   a - Ensorcelled Hibernation        Hexes/Ice                    2
   b - Phase Shift                    Translocation                5
   c - Shadow Creatures               Summoning                    5
   d - Silence                        Hexes/Air                    5
   e - Darkness                       Hexes                        6
   f - Mass Confusion                 Hexes                        6
Miscellaneous
 Z - an ornate deck of defence {drawn: 2}
Comestibles
 b - 11 meat rations
 f - 2 royal jellies
 g - 10 beef jerkies
 V - 3 slices of pizza


   Skills:
 + Level 3.8 Fighting
 - Level 8.3 Dodging
 - Level 11.4 Stealth
 + Level 13.6 Unarmed Combat
 + Level 11.1 Spellcasting
 + Level 18.7 Hexes
 * Level 2.5 Transmutations
 - Level 7.7 Invocations
 - Level 14.2 Evocations


You had 4 spell levels left.
You knew the following spells:

 Your Spells              Type           Power        Failure   Level  Hunger
a - Corona                Hex            #######      0%          1    None
b - Ensorcelled Hibernat  Hex/Ice        ######       1%          2    None
c - Confuse               Hex            #######.     0%          3    None
d - Dazzling Spray        Conj/Hex       ######..     1%          3    None
e - Tukima's Dance        Hex            #######.     0%          3    None
f - Mass Confusion        Hex            #######...   1%          6    ######.
g - Statue Form           Trmt/Erth      ###......    100%        6    ######.
h - Dragon Form           Trmt           ###.......   100%        7    #######


Dungeon Overview and Level Annotations

Branches:
Dungeon (15/15)            Temple (1/1) D:7            Lair (8/8) D:8
 Shoals (0/4) Lair:5       Spider (0/4) Lair:4        Slime (0/6) Lair:7
    Orc (4/4) D:12         Vaults (0/5) D:13         Depths (0/5) D:15
    Elf: Orc:3-4

Altars:
Ashenzari
Cheibriados
Dithmenos
Elyvilon
Fedhas
Gozag
Kikubaaqudgha
Makhleb
Nemelex Xobeh
Okawaru
Qazlal
Ru
Sif Muna
Trog
Vehumet
Yredelemnul
Zin
The Shining One
Beogh
Jiyva

Shops:
D:15 !   Orc:2 :

Portals:
Trove: D:10 (give 4 scrolls of blinking)

Annotations:
D:10 exclusion: obsidian statue


Innate Abilities, Weirdness & Mutations

You cannot wear armour.
You are incapable of wielding weapons or throwing items.
You have sharp claws.
You have razor-sharp teeth.
You have supernaturally acute eyesight.
You are carnivorous and can eat meat at any time.
You cover ground quickly.
Your thick and shaggy fur keeps you warm (AC +3, rC+).
You have a slow metabolism.
Your sharp claws are effective at attacking unaware monsters.
You are partially covered in iridescent scales (AC +4).
You possess an exceptional clarity of mind.
Your magical capacity is low (-10% MP).
You do not regenerate naturally when monsters are visible.


Message History

Unknown command.
Unknown command.
Unknown command.
You pounce on the helpless orc sorcerer from behind!
You mangle the orc sorcerer!!
The orc sorcerer is heavily wounded.
The orc warrior misses you.
Unknown command.
Unknown command.
You claw the orc sorcerer! Your bite misses the orc sorcerer.
The orc sorcerer is almost dead.
The orc knight misses you. The ogre completely misses you.
Unknown command.
Unknown command.
You claw the ogre!
The ogre is moderately wounded.
You feel sick.
The orc warrior hits you from afar with a halberd!!
Ouch! That really hurt!
You die...

##........########+###.#
###......## #..)[.#.#
####....# #.._..'.#
####.# #...).#.#
#.#######'###.#
####......#...#
#'######'### #.# #...#
#@# #).)# #.oOo.# #§≈≈#
#o..o.# #≈≈≈# #.....#
#≈§≈# ##...## #§≈≈#
#...# ##≈≈§ ##.## ##≈§
#.#


You could see an orc knight, an orc sorcerer (confused), an orc warrior
(frenzied), an ogre and an orc (frenzied).

Vanquished Creatures
  Maud (Lair:7)
  Snorg (D:10)
  A minotaur (Lab)
  3 vault guards (D:13)
  A yaktaur captain (D:15)
  Harold (D:11)
  Erolcha (D:8)
  3 catoblepae
  6 hydras
  6 centaur warriors
  Erica (D:8)
  15 death yaks
  A deep troll shaman (Lair:8)
  An orc high priest (Orc:3)
  Nergalle (D:10)
  2 unseen horrors
  A lindwurm (Lair:8)
  3 hill giants
  Pikel (D:4)
  2 necromancers
  2 griffons
  20 ugly things
  3 orc knights
  2 manticores
  A stone giant zombie (D:15)
  2 orc sorcerers
  2 cyclopes
  A wolf spider (D:15)
  A siren (Lair:5)
  Maurice (D:8)
  6 black mambas
  Joseph (D:8)
  12 elephants
  A stone giant skeleton (D:15)
  An ice statue (IceCv)
  5 centaur skeletons
  11 spiny frogs
  A gargoyle (D:13)
  5 yaktaurs
  A kobold demonologist (D:14)
  10 freezing wraiths (IceCv)
  6 fire drakes
  11 komodo dragons
  A guardian mummy (D:15)
  A tengu conjurer (D:15)
  3 polar bears
  19 blink frogs
  Grinder (D:3)
  Prince Ribbit (D:7)
  4 trolls
  4 two-headed ogres
  2 wolf spider simulacra (IceCv)
  5 slime creatures
  30 yaks
  4 wyverns
  A shadow (D:14)
  3 hungry ghosts
  2 deep elf magi
  A wraith (D:10)
  5 hippogriffs
  3 basilisks
  A deep elf fighter (D:15)
  Grum (D:8)
  A death yak simulacrum (IceCv)
  4 wargs
  3 mottled dragons
  The ghost of Ijustatesigmund the Conjurer, an amateur DsCj of Okawaru (D:5)
  20 water moccasins
  The ghost of M4edhros the Charlatan, an amateur OpAr (D:4)
  A naga (D:10)
  18 wolves
  15 porcupines
  28 orc warriors
  10 ice beasts
  Duvessa (D:6)
  2 black bears (Lair:8)
  A phantom (D:14)
  3 sky beasts
  A wasp (D:8)
  2 necrophages
  20 ogres
  18 crocodiles
  20 giant frogs
  2 big kobolds
  39 centaurs
  A wyvern zombie (D:14)
  A wyvern skeleton (D:7)
  A water moccasin skeleton (D:4)
  A scorpion (Lair:4)
  9 wights
  Dowan (D:6)
  A tengu zombie (D:15)
  6 killer bees
  2 electric eels (D:7)
  30 orc priests
  2 centaur zombies (D:11)
  7 crimson imps
  A giant frog zombie (D:9)
  6 jellies
  2 quasits
  A wasp zombie (D:11)
  8 giant frog skeletons
  A gnoll shaman (D:7)
  8 hounds
  26 orc wizards
  3 hell rats (D:5)
  4 draconian simulacra (IceCv)
  15 worker ants
  Terence (D:3)
  6 iguanas
  A polar bear simulacrum (IceCv)
  4 troll simulacra (IceCv)
  3 sheep (D:15)
  A spriggan simulacrum (IceCv)
  2 centaur simulacra
  2 ogre simulacra (IceCv)
  7 naga simulacra (IceCv)
  58 river rats
  14 adders
  5 shadow imps
  12 white imps (IceCv)
  2 ufetubi (D:15)
  13 oozes (D:11)
  An adder skeleton (D:6)
  6 worms
  210 orcs
  9 bats
  5 giant cockroaches
  10 hobgoblins
  12 jackals
  14 kobolds
  6 quokkas
  4 ball pythons
  A giant cockroach zombie (D:5)
  4 giant geckos
  9 giant newts
  6 goblins
  21 rats
  A fungus (Lair:7)
1048 creatures vanquished.

Vanquished Creatures (collateral kills)
  Rupert (Lair:4)
  5 vault guards (D:13)
  5 death yaks
  A skeletal warrior (D:15)
  A phantasmal warrior (D:15)
  2 ugly things (D:14)
  4 yaks
  A porcupine (Lair:4)
  A centaur (Lair:4)
  An iguana (D:11)
  5 river rats (Lair:6)
  An orc (D:11)
28 creatures vanquished.

Vanquished Creatures (others)
  A centaur warrior (D:15)
  A dancing weapon (D:13)
  A centaur simulacrum (D:15)
  A water elemental (D:15)
  A slave (D:5)
  7 centaurs
  A sky beast (D:15)
  An ogre (D:4)
  A draconian simulacrum (IceCv)
  A shadow imp (D:5)
  An ufetubus (D:15)
  3 orcs
  17 fungi
  18 plants
55 creatures vanquished.

Grand Total: 1131 creatures vanquished

Notes
Turn   | Place    | Note
--------------------------------------------------------------
     0 | D:1      | inmateoo the Felid Enchanter began the quest for the Orb.
     0 | D:1      | Reached XP level 1. HP: 7/7 MP: 4/4
   691 | D:1      | Reached XP level 2. HP: 11/11 MP: 6/6
   699 | D:1      | Learned a level 2 spell: Ensorcelled Hibernation
  1517 | D:1      | Reached skill level 5 in Hexes
  1566 | D:1      | Reached XP level 3. HP: 12/14 MP: 7/7
  2618 | D:2      | Reached XP level 4. HP: 15/18 MP: 0/8
  2758 | D:2      | Learned a level 3 spell: Confuse
  3444 | D:3      | Reached skill level 6 in Hexes
  3588 | D:3      | Found a faded altar to an unknown god.
  3588 | D:3      | Noticed Grinder
  3609 | D:3      | Killed Grinder
  3609 | D:3      | Reached skill level 5 in Stealth
  3609 | D:3      | Reached skill level 7 in Hexes
  3609 | D:3      | Reached XP level 5. HP: 18/21 MP: 6/10
  3609 | D:3      | Gained mutation: You are covered in thick fur (AC +2). [Felid growth]
  3609 | D:3      | Reached XP level 6. HP: 20/24 MP: 6/11
  3967 | D:3      | Noticed Terence
  3975 | D:3      | Killed Terence
  4446 | D:4      | Reached XP level 7. HP: 27/27 MP: 9/12
  4474 | D:4      | Noticed M4edhros's ghost (amateur OpAr)
  4495 | D:4      | Killed M4edhros's ghost
  4495 | D:4      | Reached skill level 8 in Hexes
  4957 | D:4      | Noticed Pikel
  5005 | D:4      | Killed Pikel
  5005 | D:4      | Reached skill level 5 in Unarmed Combat
  5005 | D:4      | Reached skill level 9 in Hexes
  5005 | D:4      | Reached XP level 8. HP: 29/31 MP: 9/15
  5284 | D:5      | Entered Level 5 of the Dungeon
  5360 | D:5      | Noticed Ijustatesigmund's ghost (amateur DsCj)
  5407 | D:5      | Killed Ijustatesigmund's ghost
  5717 | D:5      | Gained mutation: You have a pair of small antennae on your head. [mutagenic meat]
  5718 | D:5      | Gained mutation: You regenerate slowly when monsters are visible. [mutagenic meat]
  5744 | D:5      | Found a stormy altar of Qazlal.
  5751 | D:5      | Found a basalt altar of Yredelemnul.
  5830 | D:5      | Reached skill level 10 in Hexes
  6052 | D:5      | Mangled by a hell rat
  6053 | D:5      | Reached XP level 7. HP: -6/27 MP: 9/14
  6898 | D:6      | Noticed Duvessa
  6898 | D:6      | Noticed Dowan
  6972 | D:6      | Learned a level 3 spell: Dazzling Spray
  6976 | D:6      | Learned a level 3 spell: Tukima's Dance
  7017 | D:6      | Reached XP level 8. HP: 31/31 MP: 8/15
  7484 | D:6      | Killed Dowan
  7558 | D:6      | Killed Duvessa
  7827 | D:7      | Noticed Prince Ribbit
  7849 | D:7      | Killed Prince Ribbit
  7849 | D:7      | Reached skill level 11 in Hexes
  8013 | D:7      | Found a staircase to the Ecumenical Temple.
  8025 | Temple   | Entered the Ecumenical Temple
  8065 | Temple   | Became a worshipper of Makhleb the Destroyer
  8263 | D:7      | Reached XP level 9. HP: 34/34 MP: 14/17
  8481 | D:7      | Reached skill level 5 in Spellcasting
  8482 | D:7      | Found a white marble altar of Elyvilon.
  8618 | D:7      | Reached * piety under Makhleb
  9083 | D:8      | Noticed Maurice
  9086 | D:8      | Noticed Joseph
  9102 | D:8      | Reached skill level 5 in Dodging
  9112 | D:8      | Killed Maurice
  9112 | D:8      | Reached skill level 12 in Hexes
  9127 | D:8      | Killed Joseph
  9252 | D:8      | Found a staircase to the Lair.
  9253 | D:8      | Noticed a komodo dragon
  9289 | D:8      | Noticed Erolcha
  9291 | D:8      | Cast into the Abyss (Erolcha)
  9402 | Abyss:2  | Noticed a black draconian
  9466 | Abyss:2  | Noticed an unseen horror
  9475 | Abyss:2  | Killed an unseen horror
  9475 | Abyss:2  | Reached XP level 10. HP: 17/37 MP: 16/19
  9481 | Abyss:2  | HP: 1/37 [ancient zyme (12)]
  9507 | Abyss:2  | Noticed a tentacled starspawn
  9560 | Abyss:3  | Noticed an anaconda skeleton
  9575 | Abyss:3  | Noticed a tentacled starspawn
  9595 | Abyss:3  | Noticed a thrashing horror
  9614 | Abyss:3  | Noticed a thrashing horror
  9628 | Abyss:3  | Noticed a thrashing horror
  9630 | Abyss:3  | Noticed a thrashing horror
  9633 | Abyss:3  | Noticed a lorocyproca
  9645 | D:8      | Escaped the Abyss
  9905 | D:8      | Noticed Grum
 10008 | D:8      | Noticed Erica
 10023 | D:8      | Killed Grum
 10558 | D:8      | Killed Erica
 10558 | D:8      | Reached ** piety under Makhleb
 10558 | D:8      | Reached skill level 10 in Stealth
 10558 | D:8      | Reached skill level 13 in Hexes
 10626 | D:8      | Killed Erolcha
 10653 | D:8      | Killed a komodo dragon
 11046 | D:9      | Reached XP level 11. HP: 41/41 MP: 13/21
 11093 | D:9      | Reached skill level 1 in Fighting
 11162 | D:9      | Reached skill level 10 in Unarmed Combat
 11465 | D:10     | Entered Level 10 of the Dungeon
 11517 | D:10     | Gained mutation: You are dopey. (Int -2) [potion of mutation]
 11517 | D:10     | Gained mutation: Your flesh is heat resistant. [potion of mutation]
 11630 | D:10     | Found a portal to a secret trove of treasure.
 11684 | D:10     | Noticed Snorg
 11686 | D:10     | Noticed an obsidian statue
 11699 | D:10     | Slain by Snorg
 11700 | D:10     | Reached XP level 10. HP: -5/39 MP: 18/20
 11810 | D:10     | Reached *** piety under Makhleb
 12218 | D:10     | Noticed Nergalle
 12222 | D:10     | Killed Nergalle
 12261 | D:10     | Killed Snorg
 12261 | D:10     | Reached skill level 14 in Hexes
 12359 | D:11     | Noticed a hill giant
 12407 | D:11     | Killed a hill giant
 12665 | D:11     | Noticed Harold
 12785 | D:11     | Killed Harold
 12785 | D:11     | Reached **** piety under Makhleb
 12785 | D:11     | Reached XP level 11. HP: 39/45 MP: 20/22
 12921 | D:11     | Noticed a red ugly thing
 12953 | D:11     | Noticed a white ugly thing
 12954 | D:11     | Killed a red ugly thing
 13022 | D:11     | Killed a white ugly thing
 13043 | D:11     | Gained mutation: You possess an exceptional clarity of mind. [mutagenic meat]
 13044 | D:11     | Gained mutation: You are occasionally teleported to nearby monsters. [mutagenic meat]
 13413 | D:12     | Reached skill level 1 in Evocations
 13800 | D:12     | Reached ***** piety under Makhleb
 13843 | D:12     | Noticed a hill giant
 13850 | D:12     | Killed a hill giant
 14182 | D:12     | Found a staircase to the Orcish Mines.
 14905 | D:13     | Found a gate to the Vaults.
 14905 | D:13     | Noticed a vault guard
 14905 | D:13     | Noticed a vault guard
 14905 | D:13     | Noticed a vault guard
 14912 | D:13     | Noticed a vault guard
 14941 | D:13     | Killed a vault guard
 14941 | D:13     | Reached skill level 15 in Hexes
 14941 | D:13     | Reached skill level 5 in Evocations
 14951 | D:13     | Noticed a vault guard
 14966 | D:13     | Killed a vault guard
 14966 | D:13     | Gained mutation: Your thick and shaggy fur keeps you warm (AC +3, rC+). [Felid growth]
 14966 | D:13     | Reached XP level 12. HP: 40/48 MP: 6/24
 15015 | D:13     | Noticed a vault guard
 15023 | D:13     | Killed a vault guard
 15053 | D:13     | Killed a vault guard
 15093 | D:13     | Noticed a vault guard
 15100 | D:13     | Killed a vault guard
 15174 | D:13     | Killed a vault guard
 15228 | D:13     | Noticed a vault guard
 15236 | D:13     | Killed a vault guard
 15385 | D:13     | Noticed a centaur warrior
 15388 | D:13     | Killed a centaur warrior
 15528 | D:13     | Noticed a catoblepas
 15544 | D:13     | Killed a catoblepas
 15577 | D:13     | Killed a vault guard
 15740 | D:13     | Noticed a hill giant
 15868 | D:12     | Killed a hill giant
 16389 | D:14     | Found a frozen archway.
 16393 | IceCv    | Entered an ice cave
 16398 | IceCv    | Reached skill level 16 in Hexes
 16565 | IceCv    | Reached skill level 1 in Invocations
 16590 | IceCv    | Reached ****** piety under Makhleb
 16729 | IceCv    | Reached XP level 13. HP: 52/52 MP: 18/26
 16834 | IceCv    | Found an ancient bone altar of Kikubaaqudgha.
 17429 | D:14     | Gained mutation: Your spells are a little easier to cast, but a little less powerful. [mutagenic meat]
 17518 | D:14     | Lost mutation: You have a pair of small antennae on your head. [mutagenic meat]
 17519 | D:14     | Gained mutation: You are weak. (Str -2) [mutagenic meat]
 17521 | D:14     | Gained mutation: You can spit weak poison. [mutagenic meat]
 17664 | D:14     | Gained mutation: Your spells are easier to cast, but less powerful. [mutagenic meat]
 17666 | D:14     | Gained mutation: You do not regenerate naturally when monsters are visible. [mutagenic meat]
 17671 | D:14     | Lost mutation: You can spit weak poison. [mutagenic meat]
 17676 | D:14     | Lost mutation: Your flesh is heat resistant. [mutagenic meat]
 17677 | D:14     | Gained mutation: You are frail (-10% HP). [mutagenic meat]
 17678 | D:14     | Lost mutation: Your spells are easier to cast, but less powerful. [mutagenic meat]
 17689 | D:14     | Reached skill level 10 in Evocations
 18401 | D:15     | Entered Level 15 of the Dungeon
 18621 | D:15     | Found Othrik's Distillery.
 18624 | D:15     | Bought a potion of heal wounds for 70 gold pieces
 18624 | D:15     | Bought a potion of curing for 42 gold pieces
 18624 | D:15     | Bought a potion of resistance for 140 gold pieces
 18624 | D:15     | Bought a potion of haste for 140 gold pieces
 18624 | D:15     | Bought 2 potions of curing for 84 gold pieces
 18718 | D:15     | Lost mutation: Your spells are a little easier to cast, but a little less powerful. [mutagenic meat]
 18719 | D:15     | Gained mutation: You are partially covered in rugged brown scales (AC +1, +3% HP). [mutagenic meat]
 18720 | D:15     | Gained mutation: You are sometimes teleported to nearby monsters. [mutagenic meat]
 18721 | D:15     | Lost mutation: You are sometimes teleported to nearby monsters. [mutagenic meat]
 18722 | D:15     | Lost mutation: You are dopey. (Int -2) [mutagenic meat]
 19054 | D:15     | Noticed a caustic shrike skeleton
 19261 | D:15     | Lost mutation: You are occasionally teleported to nearby monsters. [mutagenic meat]
 19263 | D:15     | Gained mutation: Your magical capacity is low (-10% MP). [mutagenic meat]
 19264 | D:15     | Lost mutation: You are frail (-10% HP). [mutagenic meat]
 19265 | D:15     | Gained mutation: You expend magic power (3 MP) to strengthen your wands. [mutagenic meat]
 19266 | D:15     | Gained mutation: You are partially covered in iridescent scales (AC +4). [mutagenic meat]
 19267 | D:15     | Gained mutation: Your spells are a little easier to cast, but a little less powerful. [mutagenic meat]
 19609 | D:15     | Reached XP level 14. HP: 56/56 MP: 25/25
 19662 | D:15     | Lost mutation: You expend magic power (3 MP) to strengthen your wands. [potion of cure mutation]
 19662 | D:15     | Lost mutation: Your spells are a little easier to cast, but a little less powerful. [potion of cure mutation]
 19662 | D:15     | Lost mutation: You are weak. (Str -2) [potion of cure mutation]
 19662 | D:15     | Lost mutation: You are partially covered in rugged brown scales (AC +1, +3% HP). [potion of cure mutation]
 19725 | D:15     | Found a staircase to the Depths.
 19757 | D:15     | HP: 1/55 [centaur warrior/arrow (14)]
 20314 | D:15     | Reached skill level 17 in Hexes
 20942 | D:15     | Reached skill level 5 in Invocations
 21382 | Lair:1   | Entered Level 1 of the Lair of Beasts
 21442 | Lair:1   | Found a labyrinth entrance.
 21470 | Lab      | Entered a labyrinth
 21546 | Lab      | Got a wavering amber ring
 21549 | Lair:1   | Identified the ring "Vahibod" {-Tele rPois rF+ Int+2 SInv} (You found it in a labyrinth)
 22800 | Lair:2   | Slain by a blink frog
 22801 | Lair:2   | Reached XP level 13. HP: 0/52 MP: 12/25
 23527 | Lair:3   | Reached skill level 10 in Spellcasting
 24264 | Lair:4   | Found a hole to the Spider Nest.
 24399 | Lair:4   | Noticed Rupert
 24404 | Lair:4   | Noticed an Executioner
 24771 | Lair:5   | Found a staircase to the Shoals.
 25378 | Lair:6   | Learned a level 6 spell: Mass Confusion
 25444 | Lair:6   | Reached XP level 14. HP: 55/55 MP: 26/26
 26014 | Lair:7   | Found a viscous altar of Jiyva.
 26014 | Lair:7   | Found a staircase to the Slime Pits.
 26065 | Lair:7   | HP: 1/55 [spiny frog (23)]
 26728 | Lair:7   | Noticed Maud
 27014 | Lair:7   | Killed Maud
 27014 | Lair:7   | Reached skill level 18 in Hexes
 27827 | Lair:8   | Entered Level 8 of the Lair of Beasts
 28854 | Lair:8   | Reached XP level 15. HP: 58/58 MP: 27/27
 29252 | Lair:4   | Paralysed by Rupert for 5 turns
 29259 | Lair:4   | Killed Rupert
 29409 | Lair:4   | Found a bloodstained altar of Trog.
 29889 | Orc:1    | Entered Level 1 of the Orcish Mines
 29889 | Orc:1    | Found an iron altar of Okawaru.
 30370 | Orc:2    | Found Cigit's Book Boutique.
 30402 | Orc:2    | Bought Seykkif's Handbook of Boosts and Shape Shifting for 1250 gold pieces
 30409 | Orc:2    | Learned a level 6 spell: Statue Form
 30417 | Orc:2    | Learned a level 7 spell: Dragon Form
 30952 | Orc:1    | Slain by an orc warrior
 30953 | Orc:1    | Reached XP level 14. HP: 0/55 MP: 11/27
 31371 | Orc:3    | Reached skill level 1 in Transmutations
 31884 | Orc:3    | Found a roughly hewn altar of Beogh.
 32297 | Orc:4    | Entered Level 4 of the Orcish Mines
 32852 | Orc:4    | Found a roughly hewn altar of Beogh.
 32880 | Orc:4    | Demolished by an orc warrior

Action                   |  1- 3 |  4- 6 |  7- 9 | 10-12 | 13-15 || total
-------------------------+-------+-------+-------+-------+-------++-------
Melee: Unarmed           |   114 |    81 |   316 |   546 |  1391 ||  2448
 Cast: Ensorcelled Hiber |    27 |    20 |    33 |    54 |    66 ||   200
       Confuse           |       |     5 |    55 |    91 |   116 ||   267
       Dazzling Spray    |       |       |       |    52 |    66 ||   118
       Tukima's Dance    |       |       |       |    14 |     5 ||    19
       Mass Confusion    |       |       |       |       |    23 ||    23
Invok: Greater Servant o |       |       |       |       |     8 ||     8
 Abil: Evoke Invisibilit |       |       |       |     5 |    37 ||    42
Evoke: Wand              |       |       |     1 |       |       ||     1
       Deck              |       |       |       |    11 |     7 ||    18
  Use: Potion            |     1 |       |     2 |    10 |     3 ||    16
       Scroll            |       |       |    17 |    15 |    16 ||    48
 Stab: Sleeping          |    25 |    16 |    48 |    73 |   195 ||   357
       Confused          |       |     2 |    24 |    58 |    91 ||   175
       Invisible         |       |       |       |    14 |   163 ||   177
       Distracted        |       |       |       |     1 |    11 ||    12
       Petrified         |       |       |       |       |     3 ||     3
  Eat: Chunk             |     6 |     7 |    21 |    23 |    98 ||   155
       Pizza             |       |       |       |       |     3 ||     3
       Beef jerky        |       |       |       |       |     1 ||     1
